AoeStats
← sleepearly

MegaRandom

504199287Analyzed
1v1 RM · 1mo ago on Sep 4, 2026· 50m 30s· 2 players
Game mode
Random Map
Map size
Tiny (2 player)
Population
200
Speed
Normal
Resources
Standard
Victory
Conquest
Starting age
Dark Age
Ending age
Imperial Age
RankedLock teamsTeams togetherTeam positionsShared explorationLock speedFull tech treeHidden civsTurbo modeCheats
Victory
Defeat
🇺🇸 Tupi · United States
831
+15
🇨🇳 Maya · China
807
-15
sleepearly
0:41 Loom
11:27 Feudal Age
12:06 Double-Bit Axe
17:48 Castle Age
15:37 Horse Collar
15:52 Gold Mining
15:54 Man-at-Arms
17:22 Stone Mining
18:59 Bow Saw
18:54 Heavy Plow
23:48 Elite Skirmisher
24:56 Long Swordsman
25:55 Fletching
26:48 Wheelbarrow
25:59 Town Watch
31:11 Hand Cart
36:24 Imperial Age
33:20 Eagle Warrior
34:29 Squires
34:46 Forging
35:15 Arson
37:35 Iron Casting
37:01 Scale Mail Armor
38:13 Two-Man Saw
38:09 Elite Eagle Warrior
43:27 Blast Furnace
42:43 Chain Mail Armor
42:44 Two-Handed Swordsman
saw7051
0:28 Loom
11:36 Feudal Age
11:47 Champi Runner
12:19 Double-Bit Axe
13:30 Horse Collar
14:24 Town Watch
20:39 Castle Age
18:45 Arson
20:03 Forging
20:39 Scale Mail Armor
20:47 Gold Mining
21:14 Fletching
23:20 Wheelbarrow
22:24 Crossbowman
22:33 Champi Warrior
23:20 Heavy Plow
23:35 Bow Saw
25:21 Iron Casting
26:03 Bodkin Arrow
26:12 Squires
26:09 Stone Mining
27:51 Padded Archer Armor
31:06 Chain Mail Armor
33:23 Leather Archer Armor
37:57 Imperial Age
35:46 Hand Cart
37:04 Elite Skirmisher
38:03 Caciques
38:07 Elite Champi Warrior
38:11 Elite Blackwood Archer
39:25 Plate Mail Armor
40:06 Elite Ibirapema Warrior
43:06 Redemption
43:43 Town Patrol
44:39 Curare
44:38 Bracer
46:19 Ring Archer Armor
46:17 Conscription
Connection lost

Rejoining the realm…

Still unreachable

The connection could not be restored.

Session expired

The server has moved on; the page needs a fresh start.